 Dungeon Crawl Stone Soup version 0.29-a0-559-g359e09b9d1 (webtiles) character file.

Game seed: 4655723612120572381

90209 Cecillian the Fighter (level 15, 0/101 HPs)
             Began as a Gargoyle Fighter on May 25, 2022.
             Was an Initiate of Gozag.
             Killed from afar by Jorgrun (27 damage)
             ... with an iron shot
             ... on level 13 of the Dungeon on June 11, 2022.
             The game lasted 01:20:25 (24857 turns).

Cecillian the Fighter (Gargoyle Fighter)           Turns: 24857, Time: 01:20:26

Health: 0/101      AC: 53    Str: 25    XL:     15   Next: 99%
Magic:  2/15       EV:  4    Int: 13    God:    Gozag
Gold:   2445       SH: 13    Dex: 11    Spells: 14/14 levels left

rFire   . . .      SeeInvis +   D - +9 flail "Cuatoc" {protect, rPois Will+ Int+5}
rCold   + . .      Faith    .   w - +1 kite shield {rC+}
rNeg    + + .      Spirit   .   d - +11 chain mail of Qeth {rPois rF- Regen+ Int+4}
rPois   ∞          Reflect  .   K - +2 hat {SInv}
rElec   +          Harm     .   O - +1 cloak {Will+}
rCorr   .          Rampage  .   T - +3 Mad Mage's Maulers {Infuse+∞ RegenMP Int-3}
Will    ++++.                   e - +2 pair of boots {Fly}
Stlth   ..........              I - amulet of regeneration
HPRegen 2.66/turn               X - ring of Wameeb {rElec rN+ Will+ Stlth+}
MPRegen 0.54/turn               V - ring of protection from fire

@: grasped by roots, under a protective aura, flying, constricted, studying 2
skills
A: sickness immunity, AC +11, big wings, negative energy resistance 1,
electricity resistance, torment resistance 1, petrification resistance, dopey 1,
regeneration 1
a: Renounce Religion, Potion Petition, Call Merchant, Bribe Branch


You were on level 13 of the Dungeon.
You worshipped Gozag.
Gozag was most pleased with you.
You visited 5 branches of the dungeon, and saw 23 of its levels.
You also visited: Gauntlet and Ice Cave.

You collected 7279 gold pieces.
You spent 1907 gold pieces at shops.
You paid 2927 gold pieces to Gozag.

Inventory:

Hand Weapons
 c - a +4 fustibalus
 l - the +11 quarterstaff of the Hall of Blades {antimagic, rPois}
   (You bought it in a shop on level 2 of the Orcish Mines)

   It reduces the magical energy of the wielder, and disrupts the spells and
   magical abilities of those it strikes.
   Natural abilities and divine invocations are not affected.
   rPois:     It protects you from poison.
 D - the +9 flail "Cuatoc" (weapon) {protect, rPois Will+ Int+5}
   (You took it off a minotaur in a Gauntlet)

   It grants its wielder temporary protection when it strikes (+7 to AC).
   Int:       It affects your intelligence (+5).
   rPois:     It protects you from poison.
   Will:      It increases your willpower.
Missiles
 h - 12 javelins (quivered)
 y - 4 curare-tipped darts
Armour
 d - the +11 chain mail of Qeth (worn) {rPois rF- Regen+ Int+4}
   (You found it on level 5 of the Dungeon)

   Int:       It affects your intelligence (+4).
   rF:        It makes you vulnerable to fire.
   rPois:     It protects you from poison.
   Regen:     It increases your rate of health regeneration.
 e - a +2 pair of boots of flying (worn)
 w - a +1 kite shield of cold resistance (worn)
 H - an orb of light
 K - a +2 hat of see invisible (worn)
 O - a +1 cloak of willpower (worn)
 T - the +3 Mad Mage's Maulers (worn) {Infuse+∞ RegenMP Int-3}
   (You bought it in a shop on level 11 of the Dungeon)

   It empowers its wearer's blows with all of their magic.
   It causes its wearer's magical reserves to regenerate more quickly.
   Int:       It affects your intelligence (-3).
Jewellery
 n - a +4 ring of evasion
 o - a +4 ring of slaying
 I - an amulet of regeneration (around neck)
 V - a ring of protection from fire (right hand)
 X - the ring of Wameeb (left hand) {rElec rN+ Will+ Stlth+}
   (You found it on level 6 of the Lair of Beasts)

   [ring of positive energy]

   rElec:     It insulates you from electricity.
   rN:        It protects you from negative energy.
   Will:      It increases your willpower.
   Stlth:     It makes you more stealthy.
Wands
 k - a wand of digging (4)
 p - a wand of paralysis (1)
 J - a wand of charming (5)
Scrolls
 f - a scroll of immolation
 g - 3 scrolls of identify
 r - 6 scrolls of fog
 s - 9 scrolls of teleportation
 u - 6 scrolls of blinking
 L - 5 scrolls of enchant armour
 N - 2 scrolls of magic mapping
 Q - 2 scrolls of poison
Potions
 a - 3 potions of berserk rage
 b - 2 potions of haste
 j - 11 potions of ambrosia
 m - 2 potions of brilliance
 q - 13 potions of curing
 z - 3 potions of resistance
 F - 6 potions of cancellation
 G - 3 potions of might
Miscellaneous
 B - a piece from Xom's chessboard (14/15)


   Skills:
 + Level 14.3 Fighting
 + Level 5.1 Maces & Flails
 - Level 13.4 Polearms
 - Level 7.8(9.3) Slings
 - Level 7.9(9.4) Throwing
 - Level 10.8 Armour
 - Level 12.7 Shields
 - Level 8.0 Evocations


You had 14 spell levels left.
You didn't know any spells.
Your spell library contained the following spells:

 Spells                   Type           Power      Damage    Failure   Level
 Sting                    Tmut/Pois      0%         1d3       96%         1
 Poisonous Vapours        Pois/Air       0%         N/A       99%         2
 Scorch                   Fire           0%         2d5       99%         2
 Confusing Touch          Hex            0%         N/A       100%        3
 Dazzling Flash           Conj/Hex       0%         N/A       100%        3
 Animate Armour           Summ/Erth      0%         N/A       100%        4
 Dispel Undead            Necr           0%         3d6       100%        4
 Flame Wave               Conj/Fire      0%         2d4       100%        4
 Iskenderun's Mystic Bla  Conj/Tloc      0%         2d3       100%        4
 Olgreb's Toxic Radiance  Pois           0%         N/A       100%        4
 Summon Ice Beast         Ice/Summ       0%         N/A       100%        4
 Summon Lightning Spire   Summ/Air       0%         N/A       100%        4
 Blade Hands              Tmut           0%         N/A       100%        5
 Freezing Cloud           Conj/Ice/Air   0%         6-21      100%        5
 Metabolic Englaciation   Hex/Ice        0%         N/A       100%        5
 Summon Forest            Summ/Tloc      0%         N/A       100%        5
 Yara's Violent Unravell  Hex/Tmut       0%         3d3       100%        5
 Conjure Ball Lightning   Conj/Air       0%         3x3d6     100%        6
 Death Channel            Necr           0%         N/A       100%        6
 Iron Shot                Conj/Erth      0%         9d1       100%        6
 Starburst                Conj/Fire      0%         6d3       100%        6
 Summon Cactus Giant      Summ           0%         N/A       100%        6
 Enfeeble                 Hex            0%         N/A       100%        7
 Ozocubu's Refrigeration  Ice            0%         4d5       100%        7
 Storm Form               Tmut/Air       0%         N/A       100%        7
 Discord                  Hex            0%         N/A       100%        8
 Disjunction              Tloc           0%         N/A       100%        8
 Ignition                 Fire           0%         3d3       100%        8
 Maxwell's Capacitive Co  Air            0%         ∞         100%        8
 Corpse Rot               Necr/Pois/Air  Unusable   N/A       N/A         4
 Simulacrum               Ice/Necr       Unusable   N/A       N/A         6

Dungeon Overview and Level Annotations

Branches:
Dungeon (13/15)            Temple (1/1) D:5            Lair (6/6) D:8
  Swamp (0/4) Lair:2        Snake (1/4) Lair:2        Slime (0/5) Lair:5
    Orc (2/2) D:10            Elf (0/3) Orc:2         IceCv (visited)
Gauntlet (visited)
 Vaults: D:13-14

Altars:
Ashenzari
Cheibriados
Dithmenos
Elyvilon
Fedhas
Gozag
Hepliaklqana
Kikubaaqudgha
Makhleb
Nemelex Xobeh
Okawaru
Ru
Sif Muna
Trog
Uskayaw
Vehumet
Wu Jian
Xom
Yredelemnul
Zin
The Shining One
Beogh
Jiyva

Shops:
D:11 [   Orc:2 ?(:!!   Lair:1 [

Annotations:
D:13 Jorgrun
Lair:5 1 runed translucent door


Innate Abilities, Weirdness & Mutations

You are immune to sickness and miasma.
Your stone body is resilient. (AC +11)
You are immune to poison.
Your large and strong wings let you fly.
You resist negative energy. (rN+)
You are resistant to electric shocks. (rElec)
You are resistant to unholy torment.
You are immune to petrification.
You are dopey. (Int -2)
Your natural rate of healing is unusually fast.


Message History

Jorgrun gestures at you while chanting. The iron shot hits you!
The grasping roots constrict you. You block Jorgrun's attack.
The grasping roots constrict you.
* * * LOW HITPOINT WARNING * * *
Okay, then.
Throw: throwing net
Press: ? - help, Q - select action, (/) - cycle Shift-Dir - straight line, f - Jorgrun
Aim: Jorgrun, wielding a +0 vorpal quarterstaff and wearing a +0 robe of cold resistance (heavily wounded, 54% to hit)
You throw a throwing net. The throwing net hits Jorgrun.
Jorgrun is caught in the net!
Jorgrun is heavily wounded.
Unknown command.
You catch the helpless Jorgrun completely off-guard!
You sock Jorgrun!
Jorgrun is heavily wounded.
The grasping roots constrict you.
Jorgrun struggles against the net.
The grasping roots constrict you.
Jorgrun struggles against the net.
You bludgeon Jorgrun!!
Jorgrun is severely wounded.
The grasping roots constrict you.
Jorgrun struggles against the net.
You barely miss Jorgrun.
Jorgrun is severely wounded.
Jorgrun points at you and mumbles some strange words.
You block the iron shot. The grasping roots constrict you!
Jorgrun struggles against the net.
You hit Jorgrun.
Jorgrun is severely wounded.
You bludgeon Jorgrun!!
Jorgrun is almost dead.
The grasping roots constrict you!
* * * LOW HITPOINT WARNING * * *
Jorgrun struggles against the net.
The grasping roots constrict you.
Jorgrun struggles against the net.
The net rips apart, and Jorgrun comes free!
You closely miss Jorgrun.
Jorgrun is almost dead.
Jorgrun casts a spell at you. The iron shot hits you!!
You die...
Your body crumbles into a pile of gold.

******* ****,,,,,* #####
*≈≈..)≈≈,***** ....#
*≈≈...≈≈,,,,,* ....#
*...≈.,,,,,,,*
....##############*.....,,,,,,,*
......##.........#..≈...≈,,,,,,*
....#.##........@#..≈...≈,,,,,,*
....#>.'.........g...≈.≈,,,,,,,*
....####.........#.≈.≈.≈,≈,,,,,*
##### #..........#≈≈...≈≈,,,,,*
# #.........##≈.:..,≈+***** #
####'###.##**≈.≈.≈*,* #.# .##
*≈.≈.≈*,* ##### #.#.# *≈.≈.≈*,*
....#######..# *≈,,,≈########


You could see Jorgrun.

Vanquished Creatures
  Gastronok (D:9)
  Kirke (Lair:6)
  A frost giant (IceCv)
  Nessos (D:13)
  3 dire elephants (Lair:6)
  A minotaur (Gauntlet)
  An ettin (Orc:1)
  Harold (D:11)
  An ice dragon (D:13)
  A boulder beetle (shapeshifter) (D:13)
  6 hydras
  A boulder beetle (D:12)
  2 ogre magi (Orc:2)
  10 two-headed ogres
  5 death yaks
  Urug (D:10)
  2 orc high priests
  A spectral dire elephant (Lair:6)
  Sonja (Lair:3)
  Nergalle (D:12)
  An obsidian statue (Lair:6)
  A spectral anaconda (Lair:6)
  4 bog bodies (Lair:2)
  4 necromancers (Lair:6)
  2 orc knights (Orc:1)
  A wizard (Gauntlet)
  Pikel (D:7)
  A deep elf pyromancer (D:12)
  11 orc sorcerers
  2 ugly things
  2 cyclopes (D:11)
  13 elephants
  An ice statue (IceCv)
  7 black mambas
  Joseph (D:10)
  A smoke demon (Gauntlet)
  A torpor snail (Lair:2)
  15 cane toads
  A gargoyle (D:12)
  Maggie (D:6)
  6 rime drakes
  A kobold demonologist (D:12)
  5 komodo dragons
  A hellion (Gauntlet)
  5 trolls
  3 meliai
  A queen bee (D:12)
  11 polar bears
  Prince Ribbit (Lair:3)
  2 hornets
  16 blink frogs
  A spectral elephant (Lair:6)
  9 slime creatures
  6 dream sheep (Lair:5)
  3 flying skulls (Gauntlet)
  5 wyverns
  43 yaks
  A shadow (D:9)
  A hog (Lair:6)
  The ghost of Gelos the Bolt Thrower, an amateur MiHu (D:4)
  A dire elephant simulacrum (Lair:6)
  4 basilisks
  2 steam dragons
  7 wargs
  7 vampire mosquitoes
  A death yak simulacrum (Lair:6)
  A swamp worm (Lair:2)
  18 water moccasins
  2 hell hounds (Gauntlet)
  A black bear (Lair:5)
  18 orc warriors
  A sky beast (D:7)
  An ice beast (D:6)
  An elephant zombie (Lair:6)
  19 ogres
  32 wolves
  A centaur (D:5)
  An elephant skeleton (Lair:6)
  2 phantoms
  7 kobold brigands
  2 gnoll sergeants (D:10)
  A necrophage (D:8)
  14 bullfrogs
  3 scorpions
  2 cane toad simulacra (Lair:6)
  A wight (D:5)
  The ghost of DocClef the Covert, a weakling GnDe (D:5)
  33 killer bees
  3 electric eels
  5 hounds
  2 bullfrog skeletons (D:5)
  7 orc priests
  4 jellies
  Terence (D:2)
  2 iguanas
  34 orc wizards
  5 adders
  8 gnolls
  4 white imps
  2 ufetubi
  A dart slug (D:2)
  2 worms
  62 orcs
  7 endoplasms
  8 giant cockroaches
  10 goblins
  12 hobgoblins
  3 jackals (D:3)
  27 kobolds
  5 quokkas
  8 ball pythons
  4 bats
  4 frilled lizards
  3 rats
652 creatures vanquished.

Vanquished Creatures (collateral kills)
  2 yaks (Lair:4)
2 creatures vanquished.

Vanquished Creatures (others)
  A black mamba (Lair:6)
  A human (Lair:6)
  A wolf (IceCv)
  An orc priest (D:8)
  An orc wizard (D:8)
  2 orcs
  29 fungi
  35 plants
  28 withered plants
99 creatures vanquished.

Grand Total: 753 creatures vanquished

Notes
Turn   | Place    | Note
-------+----------+-------------------------------------------
     0 | D:1      | Cecillian the Gargoyle Fighter began the quest for the Orb.
     0 | D:1      | Reached XP level 1. HP: 14/14 MP: 1/1
     4 | D:1      | Upgraded the game from 0.29-a0-483-g69413ace17 to
                  | 0.29-a0-559-g359e09b9d1
   117 | D:1      | Reached XP level 2. HP: 19/19 MP: 2/2
   159 | D:1      | Reached skill level 1 in Polearms
   465 | D:1      | Found a faded altar of an unknown god.
   581 | D:1      | Reached XP level 3. HP: 24/24 MP: 3/3
   921 | D:2      | Noticed Terence
   933 | D:2      | Killed Terence
   934 | D:2      | Reached skill level 4 in Fighting
   934 | D:2      | Reached XP level 4. HP: 16/29 MP: 4/4
  1442 | D:2      | Found a shadowy altar of Dithmenos.
  1728 | D:3      | Reached XP level 5. HP: 23/34 MP: 5/5
  2643 | D:3      | Identified the +0 robe of the Bellicose Okapi {Int+2}
  2793 | D:3      | Reached XP level 6. HP: 40/40 MP: 6/6
  3030 | D:4      | Found a runed translucent gate.
  3030 | D:4      | Found a runed translucent gate.
  3030 | D:4      | Found a runed translucent gate.
  3033 | D:4      | Noticed Gelos's ghost (amateur MiHu)
  3173 | D:4      | Reached skill level 5 in Fighting
  3468 | D:4      | Reached skill level 5 in Polearms
  3468 | D:4      | Reached XP level 7. HP: 39/44 MP: 7/7
  4084 | D:4      | Killed Gelos's ghost
  4279 | D:5      | Entered Level 5 of the Dungeon
  4349 | D:5      | Found a transporter.
  4349 | D:5      | Noticed DocClef's ghost (weakling GnDe)
  4407 | D:5      | Identified the +11 chain mail of Qeth {rPois rF- Regen+
                  | Int+4}
  4609 | D:5      | Reached XP level 8. HP: 51/51 MP: 8/8
  4732 | D:5      | Found a transporter.
  4838 | D:5      | Found a staircase to the Ecumenical Temple.
  4854 | Temple   | Entered the Ecumenical Temple
  4903 | Temple   | Became a worshipper of Gozag Ym Sagoz the Greedy
  5260 | D:5      | Killed DocClef's ghost
  5270 | D:5      | Reached skill level 5 in Armour
  5296 | D:5      | Identified the +0 robe of the Fifty Servitors {rElec rC-
                  | rN++}
  5674 | D:6      | Reached XP level 9. HP: 55/55 MP: 9/9
  5790 | D:6      | Noticed Maggie
  5807 | D:6      | Killed Maggie
  5808 | D:6      | Reached skill level 5 in Shields
  5923 | D:7      | Noticed Pikel
  5939 | D:7      | Killed Pikel
  6226 | D:7      | Reached skill level 1 in Throwing
  6326 | D:7      | Reached skill level 6 in Fighting
  6432 | D:7      | Noticed a two-headed ogre
  6604 | D:7      | Reached XP level 10. HP: 44/60 MP: 10/10
  6984 | D:8      | Found a staircase to the Lair.
  7287 | D:8      | Found an ornate altar of the Wu Jian Council.
  7395 | D:8      | Reached skill level 7 in Fighting
  7698 | D:8      | Reached skill level 5 in Throwing
  7936 | D:9      | Reached skill level 1 in Slings
  8082 | D:9      | Reached skill level 8 in Fighting
  8398 | D:9      | Noticed Gastronok
  8420 | D:9      | Killed Gastronok
  8421 | D:9      | Reached XP level 11. HP: 30/68 MP: 11/11
  8836 | D:10     | Entered Level 10 of the Dungeon
  8836 | D:10     | Noticed a two-headed ogre
  9093 | D:10     | Killed a two-headed ogre
  9225 | D:10     | Noticed Joseph
  9247 | D:10     | Killed Joseph
  9306 | D:10     | Noticed a two-headed ogre
  9311 | D:10     | Noticed a two-headed ogre
  9435 | D:10     | Noticed Urug
  9447 | D:10     | Killed Urug
  9448 | D:10     | Reached skill level 1 in Evocations
  9555 | D:10     | Found a staircase to the Orcish Mines.
  9817 | D:11     | Noticed a cyclops
  9888 | D:10     | Reached skill level 10 in Polearms
  9936 | D:11     | Found Kirchepli's Armour Boutique.
  9948 | D:11     | Bought the +3 Mad Mage's Maulers {Infuse+∞ RegenMP Int-3}
                  | for 480 gold pieces
  9948 | D:11     | Found the +3 Mad Mage's Maulers {Infuse+∞ RegenMP Int-3}
 10153 | D:11     | Reached skill level 9 in Fighting
 10269 | D:11     | Killed a cyclops
 10497 | D:11     | Noticed a six-headed hydra
 10511 | D:11     | Killed a six-headed hydra
 10512 | D:11     | Reached XP level 12. HP: 76/76 MP: 0/12
 10545 | D:11     | Noticed Harold
 10568 | D:11     | Killed Harold
 11000 | D:11     | Reached skill level 10 in Fighting
 11135 | D:12     | Noticed a two-headed ogre
 11165 | D:12     | Killed a two-headed ogre
 11616 | D:12     | Noticed Nergalle
 11624 | D:12     | Killed Nergalle
 11830 | D:12     | Reached skill level 11 in Fighting
 11876 | D:12     | Found a glowing golden altar of the Shining One.
 11918 | D:12     | Noticed a two-headed ogre
 12170 | D:13     | Noticed a boulder beetle
 12213 | D:12     | Killed a boulder beetle
 12287 | D:13     | Noticed Nessos
 12327 | D:13     | Reached XP level 13. HP: 55/84 MP: 2/13
 12351 | D:13     | Killed Nessos
 12356 | D:13     | Found a frozen archway.
 12374 | IceCv    | Entered an ice cave
 12539 | IceCv    | Reached skill level 5 in Slings
 13103 | IceCv    | Noticed a frost giant
 13261 | IceCv    | Killed a frost giant
 13839 | D:13     | Noticed an ice dragon
 13968 | Lair:1   | Entered Level 1 of the Lair of Beasts
 14002 | Lair:1   | Reached skill level 10 in Shields
 15142 | Lair:2   | Reached skill level 12 in Fighting
 15172 | Lair:2   | Found a staircase to the Snake Pit.
 15551 | Lair:2   | Gained mutation: Your large and strong wings let you fly.
                  | [Gargoyle growth]
 15551 | Lair:2   | Reached XP level 14. HP: 92/92 MP: 0/14
 15666 | Lair:2   | Reached skill level 5 in Evocations
 16078 | Lair:2   | Found a staircase to the Swamp.
 16400 | Snake:1  | Entered Level 1 of the Snake Pit
 16457 | Lair:3   | Noticed Prince Ribbit
 16463 | Lair:3   | Killed Prince Ribbit
 16549 | Lair:3   | Noticed Sonja
 16557 | Lair:3   | Killed Sonja
 16725 | Lair:3   | Reached skill level 13 in Fighting
 18104 | Lair:5   | Found a runed translucent door.
 18106 | Lair:5   | Found a viscous altar of Jiyva.
 18106 | Lair:5   | Noticed an acid blob
 19095 | Lair:5   | Found a staircase to the Slime Pits.
 19126 | Lair:6   | Entered Level 6 of the Lair of Beasts
 19339 | Lair:6   | Noticed Kirke
 19359 | Lair:6   | Killed Kirke
 19360 | Lair:6   | Reached skill level 14 in Fighting
 19988 | Lair:6   | Noticed a dire elephant
 20146 | Lair:6   | Noticed a dire elephant
 20146 | Lair:6   | Noticed a dire elephant
 20165 | Lair:6   | Killed a dire elephant
 20166 | Lair:6   | Reached XP level 15. HP: 51/101 MP: 1/15
 20468 | Lair:6   | Reached skill level 10 in Armour
 20594 | Lair:6   | Identified the ring of Wameeb {rElec rN+ Will+ Stlth+}
 20801 | Lair:6   | Got the Papyrus of Illusion
 21201 | Lair:1   | Bought a +2 pair of boots of flying for 301 gold pieces
 21319 | Orc:1    | Entered Level 1 of the Orcish Mines
 21991 | Orc:1    | Paralysed by an orc sorcerer for 4 turns
 22209 | Orc:2    | Entered Level 2 of the Orcish Mines
 22323 | Orc:2    | Found Zefukkeo's Distillery.
 22331 | Orc:2    | Bought a potion of curing for 48 gold pieces
 22331 | Orc:2    | Bought a potion of might for 64 gold pieces
 22331 | Orc:2    | Bought a potion of heal wounds for 80 gold pieces
 22331 | Orc:2    | Bought a potion of curing for 48 gold pieces
 22331 | Orc:2    | Bought a potion of curing for 48 gold pieces
 22463 | Orc:2    | Found a gate leading to a gauntlet.
 22477 | Gauntlet | Entered a Gauntlet
 22477 | Gauntlet | Found a transporter.
 22477 | Gauntlet | Found a transporter.
 22480 | Gauntlet | Found a transporter.
 22481 | Gauntlet | Found a transporter.
 22484 | Gauntlet | Found a transporter.
 22484 | Gauntlet | Found a transporter.
 22611 | Gauntlet | Found a transporter.
 22611 | Gauntlet | Found a transporter.
 22641 | Gauntlet | Found a transporter.
 22641 | Gauntlet | Found a transporter.
 22665 | Gauntlet | Found a transporter.
 22665 | Gauntlet | Found a transporter.
 22724 | Gauntlet | Identified the ring "Puelith" {rElec rF+}
 22754 | Gauntlet | Identified the +9 flail "Cuatoc" {protect, rPois Will+
                  | Int+5}
 22814 | Gauntlet | Identified the +2 scale mail of the Moon {rF+ Regen+ MP+9
                  | SInv}
 22819 | Gauntlet | Identified the +3 leather armour of the Eternal Fruit
                  | {*Corrode Will+++ Str+6 Int-4}
 22834 | Gauntlet | Got Ixel's Compendium of the Unstable Glacier
 22873 | Orc:2    | Found a staircase to the Elven Halls.
 23155 | Orc:2    | HP: 2/101 [ogre mage/bolt of magma (25)]
 23358 | Orc:2    | Found Zeituck's Magic Scroll Boutique.
 23425 | Orc:2    | Bought a scroll of enchant armour for 90 gold pieces
 23425 | Orc:2    | Bought a scroll of magic mapping for 42 gold pieces
 23425 | Orc:2    | Bought a scroll of blinking for 90 gold pieces
 23425 | Orc:2    | Bought a scroll of blinking for 90 gold pieces
 23425 | Orc:2    | Bought a scroll of summoning for 114 gold pieces
 23425 | Orc:2    | Bought a scroll of teleportation for 36 gold pieces
 23425 | Orc:2    | Bought a scroll of fog for 24 gold pieces
 23440 | Orc:2    | Found an ancient bone altar of Kikubaaqudgha.
 23526 | Orc:2    | Found Itorujusk's Antique Weapon Boutique.
 23657 | Orc:2    | Found Pavylov's Book Shop.
 23722 | Orc:2    | Found a radiant altar of Vehumet.
 23738 | Orc:2    | Bought a fine quarterstaff for 198 gold pieces
 23738 | Orc:2    | Identified the +11 quarterstaff of the Hall of Blades
                  | {antimagic, rPois} (You bought it in a shop on level 2 of
                  | the Orcish Mines)
 23753 | Orc:2    | Found Ybluowni's Distillery.
 23763 | Orc:2    | Bought a potion of curing for 42 gold pieces
 23763 | Orc:2    | Bought a potion of mutation for 112 gold pieces
 24365 | Lair:1   | Gained mutation: You are dopey. (Int -2) [potion of
                  | mutation]
 24365 | Lair:1   | Gained mutation: Your natural rate of healing is unusually
                  | fast. [potion of mutation]
 24673 | D:13     | Noticed a ghost moth
 24673 | D:13     | a bunyip changed into a ghost moth
 24675 | D:13     | a ghost moth changed into an ice dragon
 24701 | D:13     | Reached skill level 5 in Maces & Flails
 24831 | D:13     | Noticed Jorgrun
 24857 | D:13     | Killed from afar by Jorgrun

Illustrated notes

Levels and vault maps discovered:
D:1:      co_arrival_square_in_a_square_in_a_square, layout_loops_ring,
          chequers_ecumenical_altar_grove, minmay_hedge_maze
D:2:      layout_rooms, basic_altar, minmay_surrounded, uniq_terence
D:3:      layout_basic
D:4:      layout_rooms, gammafunk_ghost_split, minmay_crossroads
D:5:      layout_basic, minmay_temple_entry_ruins, gammafunk_ghost_mausoleum,
          kennysheep_small_circle
D:6:      layout_rooms, uniq_maggie
D:7:      layout_basic, uniq_pikel
D:8:      layout_gridville, nicolae_wu_jian_immortal_techniques,
          lair_entry_dummy, kennysheep_decorative_pillar,
          minmay_misc_feat_encased
D:9:      layout_basic, serial_glass, glass_columns_a, glass_columns_b,
          lemuel_old_faithful, uniq_gastronok
D:10:     layout_roguey, kennysheep_orc_monster_closet_entryway, uniq_joseph,
          uniq_urug
D:11:     layout_roguey, serial_shops, nicolae_shop_stone, uniq_harold
D:12:     layout_roguey [special_room_bee], grunt_decor_junction, tso_altar,
          uniq_nergalle
D:13:     layout_roguey, david_vaults_4, portal_ice_cave_rime, minivault_11,
          nicolae_uskayaw_suspiria, uniq_jorgrun, uniq_nessos
Temple:   mainiacjoe_temple_trianglar_array
Lair:1:   layout_cave_pods
Lair:2:   layout_gridlike, nicolae_swamp_entry_splash_gauntlet,
          minmay_snake_entry_six_corridors
Lair:3:   layout_gridlike, nicolae_quartered_pool_super, lemuel_fruit_tree,
          infiniplex_staircase_pool_2, uniq_sonja, uniq_prince_ribbit2
Lair:4:   layout_concentric_octagons
Lair:5:   layout_regular_city, slime_altar_2, serial_bayou_pond_d
Lair:6:   due_jungle_book, layout_long_grid, uniq_kirke
Snake:1:  layout_onion
Orc:1:    layout_caves, nicolae_orc_stony_grotto
Orc:2:    kennysheep_orc_mage_school, layout_caves, gauntlet_entry_generic,
          serial_shops, shop

Skill      XL: |  1  2  3  4  5  6  7  8  9 10 11 12 13 14 15 |
---------------+----------------------------------------------+-----
Polearms       | 1 2 3 4 5 6 8 9 10 11 12 13 | 13.4
Fighting       | 4 5 6 8 9 11 12 14 | 14.3
Armour         | 4 5 7 9 10 | 10.8
Shields        | 4 6 8 11 12 | 12.7
Throwing       | 2 5 6 7 |  7.9
Slings         | 3 4 7 |  7.8
Evocations     | 4 8 |  8.0
Maces & Flails | 5 |  5.1

Action                   |  1- 3 |  4- 6 |  7- 9 | 10-12 | 13-15 || total
-------------------------+-------+-------+-------+-------+-------++-------
Melee: Trident           |    68 |   193 |   310 |   735 |  1450 ||  2756
       Flail             |     7 |       |       |       |   239 ||   246
 Fire: Fustibalus        |       |       |       |    52 |    76 ||   128
Throw: Dart              |       |       |     2 |    25 |     5 ||    32
       Javelin           |       |       |     1 |    50 |    49 ||   100
       Stone             |       |       |       |     3 |       ||     3
       Throwing net      |       |       |       |     2 |     1 ||     3
Invok: Potion Petition   |       |       |       |       |     4 ||     4
       Call Merchant     |       |       |       |       |     1 ||     1
Evoke: Wand              |       |       |       |    24 |    10 ||    34
       Piece from Xom's  |       |       |       |       |     3 ||     3
  Use: Scroll            |     3 |     7 |     3 |    11 |    10 ||    34
       Potion            |     1 |     1 |     1 |       |     8 ||    11
 Stab: Distracted        |       |       |     1 |     6 |    13 ||    20
       Paralysed         |       |       |       |       |     9 ||     9
       Held in net/web   |       |       |       |       |     1 ||     1
Armor: Scale mail        |    28 |    77 |    24 |       |       ||   129
       Chain mail        |       |       |   221 |   555 |  1124 ||  1900
       Skin              |       |       |       |       |     2 ||     2
Dodge: Dodged            |    29 |    56 |    94 |   381 |   504 ||  1064
Block: Buckler           |     6 |    22 |    61 |   169 |    44 ||   302
       Kite shield       |       |       |       |       |   885 ||   885

Table legend: (Time is in decaauts)
 A = Elapsed time spent in this place.
 B = Non-inter-level travel time spent in this place.
 C = Inter-level travel time spent in this place.
 D = Time resting spent in this place.
 E = Time spent auto-exploring this place.
 F = Levels seen in this place.
 G = Mean time per level.
                   A        B        C        D        E       F      G
               +--------+--------+--------+--------+--------+-----+--------+
         Total |  24670 |  23111 |   1559 |    862 |  14720 |  25 |  986.8 |
       Dungeon |  12988 |  11981 |   1007 |    641 |   7732 |  13 |  999.1 |
        Temple |    282 |    272 |     10 |      0 |    212 |   1 |  282.0 |
          Lair |   7199 |   6826 |    373 |     92 |   4851 |   6 | 1199.8 |
     Snake Pit |      1 |      1 |      0 |      0 |      0 |   1 |    1.0 |
  Orcish Mines |   2512 |   2343 |    169 |     44 |   1346 |   2 | 1256.0 |
      Ice Cave |   1329 |   1329 |      0 |     78 |    578 |   1 | 1329.0 |
      Gauntlet |    357 |    357 |      0 |      7 |      0 |   1 |  357.0 |
               +--------+--------+--------+--------+--------+-----+--------+

Top non-repeatable levels by time:
  Lair:6: 1839 daAuts
   Orc:2: 1617 daAuts
  Lair:2: 1468 daAuts
     D:3: 1437 daAuts
   IceCv: 1329 daAuts
     D:4: 1283 daAuts
    D:12: 1283 daAuts
  Lair:1: 1202 daAuts
     D:9: 1171 daAuts
    D:11: 1131 daAuts
    D:10: 1100 daAuts
     D:8: 1062 daAuts
     D:1: 937 daAuts
  Lair:4: 935 daAuts
     D:7: 934 daAuts
